Unix NetHack Version 3.7.0-88 Work-in-progress - last build Aug 1 2023 00:06:55 (6c2538ef3b57905bfe3a9f43e533da77bea2ed47,branch:master). Game began 2023-08-01 17:00:59, ended 2023-08-01 17:27:38. Arasaka, neutral female human Tourist -------------- |............| --------------- |............| ..............+ #-............| |..........@..| ####|............| |........f....- ## --|----------- |.............| # ## -------|------- # # -----.---- #### ### # |........| # # # |.......<| ### ###### -|--- ----- #-........| # # # |...| |...| ####---------- ----.- ## |...| +...-### |....| # |...-### |{..| |....-## ----- #####.`..| |....| ----- ------ Arasaka the Rambler St:15 Dx:12 Co:14 In:14 Wi:8 Ch:13 Neutral Dlvl:4 $:418 HP:0(10) Pw:0(0) AC:10 Xp:1/5 T:1167 Latest messages: Behemoth misses the coyote. Behemoth misses the coyote. Behemoth bites the coyote. The coyote is killed! You swap places with Behemoth. You stop. Behemoth is in the way! You swap places with Behemoth. x - a jeweled wand. What do you want to eat? [b-fhp-rv or ?*] Never mind. What do you want to write with? [- aosx or ?*] You write in the dust with your fingertip. What do you want to write with? [- aosx or ?*] The engraving now reads: "Ny?p? and rurses like beautiful rings". What do you want to call? [tux or ?*] You stop. Behemoth is in the way! You swap places with Behemoth. That door is closed. The door resists! The door opens. $ - 16 gold pieces (408 in total). You find a hidden door. This door is locked. Unlock it with your credit card? [ynq] (q) This door is locked. Unlock it with your credit card? [ynq] (q) You succeed in picking the lock. The door opens. The door opens. You find a hidden passage. You find a hidden passage. You find a hidden passage. You stop. Behemoth is in the way! You swap places with Behemoth. The door opens. y - a dark green potion. Behemoth picks up a lock pick. Behemoth drops a lock pick. $ - 3 gold pieces (411 in total). You see here a lock pick. z - a lock pick. You swap places with Behemoth. The door opens. $ - 7 gold pieces (418 in total). You swap places with Behemoth. You swap places with Behemoth. A - a clear potion. Click! You trigger a rolling boulder trap! You are hit by a boulder! You die... Inventory: Coins ('$') $ - 418 gold pieces Weapons (')') a - 31 uncursed +2 darts (at the ready) o - an uncursed +0 orcish dagger Armor ('[') k - an uncursed +0 Hawaiian shirt with a flamingo motif Comestibles ('%') e - 2 uncursed tacos b - an uncursed cram ration p - an uncursed cram ration c - an uncursed cream pie d - 5 uncursed food rations r - 2 uncursed food rations f - 3 uncursed fortune cookies v - an uncursed fortune cookie h - an uncursed tripe ration q - an uncursed tripe ration Scrolls ('?') u - a blessed scroll of enchant weapon j - 4 uncursed scrolls of magic mapping Potions ('!') t - a blessed potion of booze i - 2 uncursed potions of extra healing y - an uncursed potion of levitation A - an uncursed potion of water Wands ('/') s - an uncursed wand of digging (0:4) x - an uncursed wand of polymorph (0:5) Tools ('(') m - an uncursed credit card l - an uncursed expensive camera (0:58) z - an uncursed lock pick n - an uncursed tin opener (wielded) Arasaka the Tourist's attributes: Background: You were a Rambler, a level 1 female human Tourist. You were neutral, nominally on a mission for The Lady who was opposed by Blind Io (lawful) and Offler (chaotic). You were in the Dungeons of Doom, on level 4. You entered the dungeon 1167 turns ago. There was a full moon in effect when your adventure ended. You had 5 experience points, 15 more were needed to attain level 2. Basics: You had 0 out of 10 hit points. You had no energy points (spell power). Your armor class was 10. Your wallet contained 418 zorkmids. Autopickup was on for '$"?' plus thrown, with exceptions. Final Characteristics: Your strength was 15 (limit:18/100). Your dexterity was 12 (limit:18). Your constitution was 14 (limit:18). Your intelligence was 14 (limit:18). Your wisdom was 8 (limit:18). Your charisma was 13 (limit:18). Final Status: You were not hungry. You were unencumbered. You were wielding a tin opener. You were not wearing any armor. Final Attributes: You were nominally aligned. You were lucky. You are dead. Miscellaneous: You disabled loading of bones levels. Total elapsed playing time was 26 minutes and 38 seconds. Major events: Turn 1: Arasaka the neutral female human Tourist entered the dungeon 908: entered the Gnomish Mines 1167: killed by a boulder Vanquished creatures: a coyote a yellow mold 2 jackals a goblin 2 grid bugs a lichen 2 newts 10 creatures vanquished. No species were genocided or became extinct. Voluntary challenges: You were an atheist. You never hit with a wielded weapon. You read items or engraved 2 times. You never engraved Elbereth. You never genocided any monsters. You never polymorphed an object. You never changed form. You used no wishes. Achievements: You entered the Gnomish Mines. You entered a shop. The Dungeons of Doom: levels 1 to 4 Level 1: Level 2: A grave. Level 3: A scroll shop, a fountain. Stairs down to The Gnomish Mines. Level 4: <- You were here. A fountain. Final resting place for you, killed by a boulder. The Gnomish Mines: Level 4: Game over: ---------- / \ / REST \ / IN \ / PEACE \ / \ | Arasaka | | 418 Au | | killed by a | | boulder | | | | | | 2023 | *| * * * | * _________)/\\_//(\/(/\)/\//\/|_)_______ Aloha Arasaka the Tourist... You died in The Dungeons of Doom on dungeon level 4 with 377 points, and 418 pieces of gold, after 1167 moves. You were level 1 with a maximum of 10 hit points when you died.